 Dungeon Crawl Stone Soup version 0.26-a0-307-g4e7fcc93f0 (webtiles) character file.

Game seed: 4202763781643629337

2256 Baz the Digger (level 9, -7/65 HPs)
             Began as a Barachi Earth Elementalist on July 14, 2020.
             Was an Initiate of Vehumet.
             Mangled by a hornet (13 damage)
             ... on level 8 of the Dungeon on July 15, 2020.
             The game lasted 00:25:53 (9793 turns).

Baz the Digger (Barachi Earth Elementalist)         Turns: 9793, Time: 00:25:53

Health: -7/65      AC:  5    Str: 10    XL:     9   Next: 37%
Magic:  2/18       EV: 12    Int: 18    God:    Vehumet [......]
Gold:   132        SH:  0    Dex: 19    Spells: 7/20 levels left

rFire    . . .     SeeInvis .   y - +0 dagger (freeze)
rCold    . . .     Faith    .   (no shield)
rNeg     . . .     Spirit   .   f - +0 troll leather armour {Purgy}
rPois    +         Reflect  .   (no helmet)
rElec    .         Harm     .   (no cloak)
rCorr    .         Rnd*Rage +   (no gloves)
MR       +....                  k - +0 pair of boots
Stlth    ++........             (no amulet)
HPRegen  0.60/turn              e - +6 ring of dexterity
MPRegen  0.16/turn              (no ring)

@: hasted, quick
A: +LOS, swims, berserk 1, magic resistance 1, poison resistance, slowness 1,
MP-powered wands, strong legs 1
a: Hop, Renounce Religion


You were on level 8 of the Dungeon.
You worshipped Vehumet.
Vehumet was noncommittal.
You visited 2 branches of the dungeon, and saw 9 of its levels.
You also visited: Sewer and Ossuary.

You collected 330 gold pieces.
You spent 198 gold pieces at shops.

Inventory:

Hand Weapons
 y - a +0 dagger of freezing (weapon)
 z - the +6 broad axe "Faekk" {speed, rC- Str+5}
   (You bought it in a shop on level 5 of the Dungeon)

   Attacks with this weapon are significantly faster.
   It affects your strength (+5).
   It makes you vulnerable to cold.
Missiles
 b - 143 stones
 m - 26 poisoned darts (quivered)
 B - 7 curare-tipped darts
Armour
 f - a +0 troll leather armour (worn) {Purgy}
 k - a +0 pair of boots (worn)
 w - a +0 kite shield
 E - the -4 pair of boots of Ywkerughusch {rC+ MR+}
   (You found it on level 7 of the Dungeon)

   It protects you from cold.
   It affects your resistance to hostile enchantments.
Jewellery
 e - a +6 ring of dexterity (left hand)
 u - an uncursed ring of positive energy
 D - a +6 ring of dexterity
Wands
 a - a wand of polymorph (12)
 C - a wand of paralysis (19)
 F - a wand of random effects (24)
Scrolls
 c - 2 scrolls of amnesia {unknown}
 g - 2 scrolls of enchant armour
 h - 3 scrolls of identify
 j - 5 scrolls of remove curse
 n - 3 scrolls of magic mapping
 o - 2 scrolls of enchant weapon
 r - 4 scrolls of fog
 v - 2 scrolls of fear {unknown}
 A - 2 scrolls of noise {unknown}
Potions
 i - 2 potions of magic
 p - a potion of brilliance
 q - a potion of cancellation
 s - 4 potions of stabbing
 t - 2 potions of flight


   Skills:
 - Level 4.2 Fighting
 + Level 3.8 Armour
 - Level 2.1 Dodging
 - Level 1.7 Stealth
 * Level 6.0 Spellcasting
 + Level 6.6 Conjurations
 - Level 1.1 Transmutations
 * Level 7.8 Earth Magic


You had 7 spell levels left.
You knew the following spells:

 Your Spells              Type           Power        Failure   Level
a - Sandblast             Erth           ####..       1%          1
b - Stone Arrow           Conj/Erth      ####..       2%          3
c - Petrify               Tmut/Erth      ###.....     26%         4
d - Lee's Rapid Deconstr  Erth           ####......   17%         5

Your spell library contained the following spells:

 Spells                   Type           Power        Failure   Level
 Passwall                 Tmut/Erth      ###.....     3%          2
 Animate Skeleton         Necr           #.....       16%         1
 Pain                     Necr           #...         16%         1
 Vampiric Draining        Necr           #.........   43%         3
 Animate Dead             Necr           #.........   83%         4
 Agony                    Necr           #.......     99%         5


Dungeon Overview and Level Annotations

Branches:
Dungeon (8/15)             Temple (1/1) D:7           Sewer (visited)
Ossuary (visited)
   Lair: D:8-11

Altars:
Ashenzari
Cheibriados
Dithmenos
Elyvilon
Fedhas
Gozag
Hepliaklqana
Kikubaaqudgha
Makhleb
Nemelex Xobeh
Okawaru
Qazlal
Ru
Sif Muna
Trog
Uskayaw
Vehumet
Wu Jian
Xom
Yredelemnul
Zin
The Shining One

Shops:
D:5 (}**[

Annotations:
D:5 Edmund


Innate Abilities, Weirdness & Mutations

You can be seen from farther away. (+LOS)
You can swim through water.
You cover ground slowly.
You can hop short distances.
You tend to lose your temper in combat.
You are resistant to hostile enchantments. (MR+)
Your system is resistant to poisons. (rPois)
You expend magic power (3 MP) to strengthen your wands.


Message History

The hornet barely misses you.
Unknown command.
Casting: Stone Arrow (dangerous; 2% risk of failure)
Confirm with . or Enter, or press ? or * to list all spells.
Aiming: Stone Arrow (dangerous; 2% risk of failure)
Press: ? - help, Shift-Dir - straight line, f/p - hornet
Aim: a hornet (moderately wounded)
The stone arrow hits the hornet.
The hornet is heavily wounded.
The hornet stings you.
* * * LOW HITPOINT WARNING * * *
Casting: Stone Arrow (dangerous; 2% risk of failure)
Confirm with . or Enter, or press ? or * to list all spells.
Aiming: Stone Arrow (dangerous; 2% risk of failure)
Press: ? - help, Shift-Dir - straight line, f/p - hornet
Aim: a hornet (heavily wounded)
The stone arrow misses the hornet.
The stone arrow hits the orc priest!
The orc priest is severely wounded.
The hornet stings you!
You die...

##. # ## # .. ## .#
.## .# ..## ##.## ...#
..##.########...####..
...+
........@yoooo.....o..
...#
...#.########...####..
..## .......# ...# ♣
#.#.###.#
##.#♣♣.♣♣#... #. .# #
##........... #. ..
###♣♣.♣♣#... #. ... ♣
## ##. .#


You could see a hornet, an orc priest and 3 orcs.

Vanquished Creatures
  Sigmund (D:2)
  3 ice beasts
  Purgy (Sewer)
  2 ogres (D:4)
  2 centaurs (D:5)
  2 bullfrogs (D:6)
  A scorpion (D:5)
  10 killer bees
  A howler monkey (D:8)
  A hound (D:7)
  2 orc priests
  7 orc wizards
  A bullfrog skeleton (D:6)
  5 worker ants
  An iguana (D:4)
  Natasha (D:2)
  A hound zombie (D:6)
  A hound skeleton (D:4)
  6 adders
  3 gnolls (D:3)
  A shadow imp (D:5)
  An ufetubus (D:6)
  An ooze (D:3)
  3 worms
  2 dart slugs (D:1)
  2 leopard geckos
  25 orcs
  8 bats
  5 giant cockroaches
  7 goblins
  2 hobgoblins
  7 jackals (D:1)
  7 kobolds
  3 quokkas
  7 ball pythons
  8 frilled lizards
  A hobgoblin zombie (D:6)
  A jackal zombie (Ossuary)
  A kobold zombie (D:6)
  A leopard gecko skeleton (D:6)
  2 quokka skeletons (D:5)
  8 rats
155 creatures vanquished.

Notes
Turn   | Place    | Note
-------+----------+-------------------------------------------
     0 | D:1      | Baz the Barachi Earth Elementalist began the quest for the
                  | Orb.
     0 | D:1      | Reached XP level 1. HP: 13/13 MP: 3/3
    67 | D:1      | Upgraded the game from 0.26-a0-291-g3d11bbfad5 to
                  | 0.26-a0-307-g4e7fcc93f0
   116 | D:1      | Reached XP level 2. HP: 20/20 MP: 3/5
   445 | D:1      | Reached skill level 1 in Fighting
   933 | D:1      | Reached XP level 3. HP: 14/26 MP: 3/6
  1547 | D:2      | Noticed Sigmund
  1594 | D:1      | Learned a level 3 spell: Stone Arrow
  1960 | D:2      | Killed Sigmund
  1960 | D:2      | Reached skill level 4 in Earth Magic
  1960 | D:2      | Reached XP level 4. HP: 21/34 MP: 1/8
  1960 | D:2      | Reached XP level 5. HP: 24/39 MP: 1/9
  2130 | D:2      | Noticed Natasha
  2135 | D:2      | Killed Natasha
  2135 | D:2      | Reached XP level 6. HP: 37/46 MP: 7/10
  2636 | D:2      | Learned a level 4 spell: Petrify
  2757 | D:3      | Found a blossoming altar of Fedhas.
  2760 | D:3      | Found an iron altar of Okawaru.
  3293 | D:3      | Found a shimmering altar of Xom.
  3293 | D:3      | Found a hazy altar of Hepliaklqana.
  3295 | D:3      | Found a basalt altar of Yredelemnul.
  3437 | D:4      | Reached skill level 5 in Earth Magic
  3571 | D:4      | Reached XP level 7. HP: 48/52 MP: 4/12
  3696 | D:4      | Gained mutation: You are clumsy. (Dex -2) [potion of
                  | mutation]
  3696 | D:4      | Gained mutation: Your spells are a little easier to cast,
                  | but a little less powerful. [potion of mutation]
  3696 | D:4      | Gained mutation: You are weak. (Str -2) [potion of
                  | mutation]
  3696 | D:4      | Gained mutation: You are somewhat resistant to further
                  | mutation. [potion of mutation]
  3826 | D:4      | Found a glowing drain.
  3839 | Sewer    | Entered a sewer
  4025 | Sewer    | Noticed Purgy
  4036 | Sewer    | Killed Purgy
  4519 | D:5      | Entered Level 5 of the Dungeon
  4870 | D:5      | Learned a level 5 spell: Lee's Rapid Deconstruction
  4987 | D:4      | Reached skill level 6 in Earth Magic
  5263 | D:4      | Reached XP level 8. HP: 30/60 MP: 0/14
  5705 | D:5      | Found Ysegedi's Antique Weapon Boutique.
  5714 | D:5      | Bought a fading broad axe for 198 gold pieces
  5714 | D:5      | Identified the +6 broad axe "Faekk" {speed, rC- Str+5} (You
                  | bought it in a shop on level 5 of the Dungeon)
  5728 | D:5      | Noticed Edmund
  5826 | D:5      | Found Pemiel's General Store.
  5850 | D:5      | Reached skill level 5 in Conjurations
  5899 | D:5      | Found Newkoz's General Store.
  5914 | D:5      | Found Yngefy's Gadget Emporium.
  5974 | D:5      | Reached skill level 1 in Armour
  6023 | D:5      | Found Muene's Antique Armour Boutique.
  6406 | D:6      | Found a sand-covered staircase.
  6414 | Ossuary  | Entered an ossuary
  7334 | D:6      | Reached skill level 7 in Earth Magic
  7497 | D:6      | Found a sparkling altar of Nemelex Xobeh.
  7512 | D:6      | Reached skill level 5 in Spellcasting
  8101 | D:7      | Got a pair of spiked boots
  8112 | D:7      | Identified the -4 pair of boots of Ywkerughusch {rC+ MR+}
                  | (You found it on level 7 of the Dungeon)
  8262 | D:7      | Found an opulent altar of Gozag.
  8310 | D:7      | Reached XP level 9. HP: 50/65 MP: 10/16
  8807 | D:7      | Lost mutation: You are somewhat resistant to further
                  | mutation. [potion of mutation]
  8807 | D:7      | Lost mutation: Your spells are a little easier to cast, but
                  | a little less powerful. [potion of mutation]
  8807 | D:7      | Lost mutation: You are clumsy. (Dex -2) [potion of
                  | mutation]
  8807 | D:7      | Lost mutation: You are weak. (Str -2) [potion of mutation]
  8807 | D:7      | Gained mutation: You tend to lose your temper in combat.
                  | [potion of mutation]
  8807 | D:7      | Gained mutation: Your system is resistant to poisons.
                  | (rPois) [potion of mutation]
  8807 | D:7      | Gained mutation: You are resistant to hostile enchantments.
                  | (MR+) [potion of mutation]
  8807 | D:7      | Gained mutation: You expend magic power (3 MP) to
                  | strengthen your wands. [potion of mutation]
  9384 | D:7      | Found a staircase to the Ecumenical Temple.
  9407 | Temple   | Entered the Ecumenical Temple
  9413 | Temple   | Became a worshipper of Vehumet
  9694 | D:8      | Noticed a two-headed ogre
  9782 | D:8      | Noticed a hornet
  9793 | D:8      | Mangled by a hornet

Illustrated notes

Levels and vault maps discovered:
D:1:      eino_arrival_tree_alley, layout_basic, chequers_serial_rivers_micro_b
D:2:      layout_loops_cross, minmay_misc_feat_cross, uniq_natasha, uniq_sigmund
D:3:      layout_rooms, nicolae_overflow_hidden_temple, mrwooster_statue_mirror
D:4:      layout_basic, portal_sewer_entry_d
D:5:      layout_cave_pools, serial_shops, shop, kennysheep_mini_moat,
          nicolae_shop_trees, nicolae_shop_waterfront, kennysheep_little_box,
          nicolae_zen_rock_garden, amethyst_killhole, uniq_edmund
D:6:      layout_cave_pods, nemelex_xobeh_ov_fountains_minmay, enter_ossuary_3
D:7:      layout_layer_cave, nicolae_gozag_cash_rules_everything_around_me,
          minmay_temple_entry_statues_pillars
D:8:      layout_loops_corners, minivault_14, minmay_tree_intersection,
          minmay_crystal_room, uniq_joseph
Temple:   nicolae_temple_no_exploring_needed

Skill      XL: |  1  2  3  4  5  6  7  8  9 |
---------------+----------------------------+-----
Fighting       | 1 2 3 4 |  4.2
Spellcasting   | 3 4 5 6 |  6.0
Conjurations   | 2 3 4 6 |  6.6
Earth Magic    | 4 5 6 7 |  7.8
Armour         | 3 |  3.8
Dodging        | |  2.1
Stealth        | |  1.7
Transmutations | |  1.1

Action                   |  1- 3 |  4- 6 |  7- 9 || total
-------------------------+-------+-------+-------++-------
Melee: Unarmed           |    10 |       |       ||    10
       Dagger            |   115 |    34 |    93 ||   242
Throw: Dart              |       |     1 |       ||     1
       Stone             |       |     1 |       ||     1
 Cast: Sandblast         |    31 |    41 |   113 ||   185
       Stone Arrow       |       |       |   105 ||   105
       Petrify           |       |       |     1 ||     1
  Use: Potion            |     1 |       |    15 ||    16
       Scroll            |       |     5 |     7 ||    12
 Stab: Sleeping          |       |     3 |     1 ||     4
Armor: Robe              |    46 |    15 |    11 ||    72
       Troll leather arm |       |       |    49 ||    49
Dodge: Dodged            |   135 |    39 |   185 ||   359

Table legend:
 A = Non-vault XP
 B = Vault XP
 C = Vault XP percentage of total XP
 D = Non-vault monster count
 E = Vault monster count
 F = Vault count percentage of total count
                 A         B        C        D         E       F
            +---------+---------+-------+---------+---------+-------
      Total |    2805 |     418 |  13.0 |     141 |      14 |   9.0
            +---------+---------+-------+---------+---------+-------
        D:1 |      44 |       0 |   0.0 |      23 |       0 |   0.0
        D:2 |      42 |     266 |  86.4 |      19 |       2 |   9.5
        D:3 |      66 |       0 |   0.0 |      15 |       0 |   0.0
        D:4 |     472 |      13 |   2.7 |      20 |       1 |   4.8
        D:5 |     423 |       0 |   0.0 |      19 |       0 |   0.0
        D:6 |     797 |       2 |   0.3 |      25 |       2 |   7.4
        D:7 |     737 |       0 |   0.0 |      16 |       0 |   0.0
        D:8 |     224 |       0 |   0.0 |       4 |       0 |   0.0
      Sewer |       0 |     136 | 100.0 |       0 |       8 | 100.0
    Ossuary |       0 |       1 | 100.0 |       0 |       1 | 100.0
            +---------+---------+-------+---------+---------+-------
